 Dungeon Crawl Stone Soup version 0.22.0-36-g8e74550 (webtiles) character file.

34579 Faca the Fighter (level 13, 0/125 HPs)
             Began as a Centaur Hunter on Aug 24, 2018.
             Was a High Priest of Okawaru.
             Slain by a catoblepas (23 damage)
             ... on level 5 of the Lair of Beasts.
             The game lasted 01:20:29 (32191 turns).

Faca the Fighter (Centaur Hunter)                  Turns: 32191, Time: 01:20:31

Health: 0/125      AC: 18    Str: 18    XL:     13   Next: 43%
Magic:  13/13      EV:  7    Int: 10    God:    Okawaru [*****.]
Gold:   684        SH:  0    Dex: 18    Spells: 12/12 levels left

rFire    + + .     SeeInvis +   C - +2 trident (protect)
rCold    + + .     Gourm    +   (no shield)
rNeg     . . .     Faith    .   Q - +2 ring mail {rF+}
rPois    .         Spirit   .   I - +2 helmet {SInv}
rElec    .         Reflect  .   j - scarf {rC+ rF+}
rCorr    .         Harm     .   B - +2 pair of gloves {Dex+3}
MR       .....                  K - +1 centaur barding {rC+}
Stlth    +.........             D - amulet of the gourmand
HPRegen  0.30/turn              P - +3 ring of strength
MPRegen  0.13/turn              (no ring)

@: lethally poisoned (0 -> -2), about to teleport, very quick
A: large, hooves 3, deformed body, speed 2, tough skin 3
a: Heroism, Finesse, Renounce Religion


You were on level 5 of the Lair of Beasts.
You worshipped Okawaru.
Okawaru was extremely pleased with you.
You were completely stuffed.

You visited 3 branches of the dungeon, and saw 17 of its levels.
You also visited: Labyrinth and Sewer.

You collected 960 gold pieces.
You spent 276 gold pieces at shops.

Inventory:

Hand Weapons
 a - a +1 shortbow
 l - a +0 longbow
 C - a +2 trident of protection (weapon)
Missiles
 d - 307 arrows
 r - 16 javelins of penetration (quivered)
 y - a throwing net
Armour
 j - a scarf of resistance (worn)
 B - a +2 pair of gloves of dexterity (worn)
 I - a +2 helmet of see invisible (worn)
 K - a +1 centaur barding of cold resistance (worn)
 Q - a +2 ring mail of fire resistance (worn)
Jewellery
 D - an amulet of the gourmand (around neck)
 O - an uncursed amulet of the acrobat {unknown}
 P - a +3 ring of strength (left hand)
Wands
 o - a wand of flame (97)
 t - a wand of digging (6)
 H - a wand of clouds (9)
 M - a wand of iceblast (3)
Scrolls
 b - a scroll of fog {unknown}
 g - 3 scrolls of immolation
 k - a scroll of magic mapping
 w - 7 scrolls of remove curse
 x - 6 scrolls of teleportation
 z - 2 scrolls of enchant armour
 A - 2 scrolls of fear
 F - a scroll of noise {unknown}
 G - a scroll of holy word {unknown}
 J - a scroll of enchant weapon {unknown}
 N - a scroll of vulnerability {unknown}
Potions
 c - 3 potions of lignification
 e - 5 potions of haste
 h - a potion of invisibility
 i - a potion of mutation
 m - a potion of magic {unknown}
 n - 5 potions of flight
 p - 3 potions of curing
 q - a potion of agility
 u - a potion of might
 v - 2 potions of brilliance
 E - a potion of ambrosia
 L - a potion of resistance {unknown}
Comestibles
 f - 20 rations


   Skills:
 + Level 14.7 Fighting
 + Level 13.1 Polearms
 + Level 13.6 Bows
 - Level 1.3 Dodging
 - Level 0.4 Stealth


You had 12 spell levels left.
You didn't know any spells.
Your spell library contained the following spells:

 Spells                   Type           Power        Failure   Level  Hunger
 Magic Dart               Conj           #...         56%         1    ##.....
 Summon Small Mammal      Summ           #...         56%         1    ##.....
 Call Imp                 Summ           #.......     71%         2    ###....
 Searing Ray              Conj           #.....       71%         2    ###....
 Call Canine Familiar     Summ           #.......     90%         3    ####...
 Dazzling Spray           Conj/Hex       #.....       90%         3    ####...
 Gell's Gravitas          Tloc           #.........   90%         3    ####...
 Portal Projectile        Hex/Tloc       #.....       90%         3    ####...
 Recall                   Summ/Tloc      N/A          90%         3    ####...
 Static Discharge         Conj/Air       #.......     90%         3    ####...
 Summon Guardian Golem    Hex/Summ       #.......     90%         3    ####...
 Force Lance              Conj/Tloc      #.......     100%        4    #####..
 Fulminant Prism          Conj/Hex       #.........   100%        4    #####..
 Iskenderun's Mystic Bla  Conj           #.......     100%        4    #####..
 Summon Ice Beast         Ice/Summ       #.......     100%        4    #####..
 Summon Lightning Spire   Summ/Air       #.......     100%        4    #####..
 Aura of Abjuration       Summ           #.........   100%        5    ######.
 Lightning Bolt           Conj/Air       #.........   100%        5    ######.
 Summon Demon             Summ           #.........   100%        5    ######.
 Summon Forest            Summ/Tloc      #.........   100%        5    ######.
 Summon Mana Viper        Hex/Summ       #.......     100%        5    ######.
 Dispersal                Tloc           #.........   100%        6    #######
 Shadow Creatures         Summ           N/A          100%        6    #######
 Controlled Blink         Tloc           N/A          100%        8    #######
 Disjunction              Tloc           #.........   100%        8    #######
 Ignition                 Fire           #.........   100%        8    #######
 Shatter                  Erth           #.........   100%        9    #######
 Tornado                  Air            #.........   100%        9    #######


Dungeon Overview and Level Annotations

Branches:
Dungeon (11/15)            Temple (1/1) D:4            Lair (5/6) D:8
 Shoals (0/4) Lair:3       Spider (0/4) Lair:4        Slime (0/5) Lair:5
    Orc (0/2) D:11

Altars:
Dithmenos
Elyvilon
Gozag
Hepliaklqana
Nemelex Xobeh
Okawaru
Qazlal
Ru
Uskayaw
Xom
Yredelemnul
Zin
The Shining One

Shops:
D:4 (*(?[   D:7 (   D:11 *

Annotations:
D:4 Eustachio
Lair:4 exclusion: 4 oklob plants


Innate Abilities, Weirdness & Mutations

You have hooves in place of feet.
Armour fits poorly on your strangely shaped body.
You cover ground very quickly.
You have extremely tough skin. (AC +3)


Message History

The crocodile barely misses you. The catoblepas gores you!!
You are engulfed in calcifying dust.
The black mamba bites you but does no damage.
The black mamba bites you! The crocodile bites you. The catoblepas gores you!!
You are engulfed in calcifying dust.
The black mamba bites you! The crocodile bites you! The black mamba bites you!
The catoblepas gores you but does no damage.
The black mamba bites you.
The crocodile bites you but does no damage.
The catoblepas gores you! The black mamba bites you.
The black mamba bites you but does no damage.
The crocodile bites you. The catoblepas gores you!
You turn to flesh and can move again.
As you read the scroll of teleportation, it crumbles to dust.
You feel strangely unstable.
You feel sick. The black mamba bites you!
* * * LOW HITPOINT WARNING * * *
The black mamba bites you!
* * * LOW HITPOINT WARNING * * *
The crocodile barely misses you. The catoblepas gores you!!
You die...

...8...8.#......
#.......#......
.#...8..........
#.........#..#..
#....##...
####†....#..
##...#..8....
##...Y##...#[.
#....S@t#+.#
##P.......#..
#........#...
##......... .
##..........
#...........
##P..##
##.......... ..#
....P#
#..........
.....#....#
#........ .....


You could see a catoblepas, a black mamba and a crocodile.

Vanquished Creatures
  A minotaur (Lab)
  2 hydras
  2 catoblepae (Lair:4)
  A centaur warrior (D:10)
  Pikel (D:7)
  2 ugly things (D:11)
  A manticore (Lair:4)
  A merfolk siren (Lair:3)
  Joseph (D:7)
  A torpor snail (Lair:1)
  2 black mambas
  6 spiny frogs
  6 komodo dragons
  3 rime drakes
  2 trolls
  A queen bee (Lair:4)
  A hornet (D:11)
  3 meliai
  A jumping spider (Lair:4)
  A polar bear (Lair:3)
  Grinder (D:5)
  6 hippogriffs
  2 blink frogs
  Sigmund (D:4)
  A redback (Lair:3)
  4 wyverns
  35 yaks
  7 basilisks
  4 hungry ghosts
  Menkaure (D:5)
  An acid dragon (D:11)
  2 soldier ants
  3 water moccasins
  5 porcupines
  2 black bears
  3 ice beasts
  7 orc warriors
  An eye of draining (D:10)
  A phantom (D:8)
  2 sky beasts
  4 slaves
  2 necrophages
  6 ogres
  5 centaurs
  12 wolves
  12 crocodiles
  8 big kobolds
  13 bullfrogs
  3 gnoll sergeants (D:11)
  A wyvern zombie (D:6)
  A scorpion (Lair:2)
  8 wights
  41 killer bees
  4 howler monkeys
  A crimson imp (D:10)
  A quasit (D:6)
  A bullfrog zombie (D:5)
  4 jellies
  Crazy Yiuf (D:5)
  8 hounds
  2 bullfrog skeletons
  4 centaur skeletons
  9 orc priests
  2 centaur zombies
  20 orc wizards
  Ijyb (D:5)
  2 iguanas
  A hell rat (Lair:4)
  4 worker ants
  A hound skeleton (D:10)
  2 worker ant zombies (D:7)
  A howler monkey zombie (D:9)
  14 adders
  7 gnolls
  A river rat (Lair:4)
  2 oozes
  An adder zombie (D:6)
  5 worms
  8 leopard geckos
  54 orcs
  4 giant cockroaches
  5 goblins
  5 hobgoblins
  13 jackals
  5 ball pythons
  7 bats
  4 frilled lizards
  25 kobolds
  A quokka zombie (D:8)
  17 rats
491 creatures vanquished.

Vanquished Creatures (others)
  A plant (Lair:3)
1 creature vanquished.

Grand Total: 492 creatures vanquished

Notes
Turn   | Place    | Note
-------+----------+-------------------------------------------
     0 | D:1      | Faca the Centaur Hunter began the quest for the Orb.
     0 | D:1      | Reached XP level 1. HP: 17/17 MP: 1/1
    64 | D:1      | Reached XP level 2. HP: 23/25 MP: 2/2
   298 | D:1      | Reached skill level 3 in Fighting
  1014 | D:2      | Reached XP level 3. HP: 31/31 MP: 3/3
  1174 | D:2      | Found a sacrificial altar of Ru.
  1209 | D:2      | Found a stormy altar of Qazlal.
  1229 | D:2      | Reached skill level 4 in Fighting
  1531 | D:2      | Reached XP level 4. HP: 40/41 MP: 4/4
  1918 | D:2      | Found a glowing golden altar of the Shining One.
  2351 | D:3      | Reached skill level 5 in Fighting
  2459 | D:3      | Reached XP level 5. HP: 47/48 MP: 5/5
  2816 | D:3      | Found a glowing drain.
  2820 | Sewer    | Entered a sewer
  2912 | Sewer    | Reached skill level 6 in Fighting
  3141 | Sewer    | Reached XP level 6. HP: 34/58 MP: 6/6
  3150 | Sewer    | Reached skill level 7 in Fighting
  3807 | D:4      | Noticed Eustachio
  3924 | D:3      | Reached XP level 7. HP: 47/67 MP: 7/7
  4154 | D:4      | Found Paeg's Antique Armour Shoppe.
  4186 | D:4      | Found Gus Vanko's Antique Weapon Boutique.
  4212 | D:4      | Found a staircase to the Ecumenical Temple.
  4279 | D:4      | Reached skill level 8 in Fighting
  4634 | D:4      | Reached skill level 9 in Fighting
  4757 | Temple   | Entered the Ecumenical Temple
  4860 | Temple   | Became a worshipper of Warmaster Okawaru
  4945 | D:4      | Found Qesoddy's Assorted Antiques.
  4946 | D:4      | Found Exadd's Weapon Shop.
  4961 | D:4      | Bought a +0 spear for 36 gold pieces
  5001 | D:4      | Found a glowing silver altar of Zin.
  5001 | D:4      | Found a glowing golden altar of the Shining One.
  5387 | D:4      | Found Johoucy's Magic Scroll Shop.
  5434 | D:4      | Reached skill level 1 in Polearms
  5545 | D:5      | Entered Level 5 of the Dungeon
  5545 | D:5      | Noticed Sigmund
  5835 | D:5      | Reached XP level 8. HP: 73/78 MP: 8/8
  5864 | D:5      | Found a runed door.
  5923 | D:5      | Noticed Pikel
  5957 | D:5      | Noticed Ijyb
  5971 | D:5      | Killed Ijyb
  6134 | D:4      | Killed Sigmund
  6950 | D:5      | Noticed Grinder
  6988 | D:5      | Noticed Menkaure
  6995 | D:5      | You fall through a shaft for 2 floors!
  7282 | D:7      | Found Wenuacij's Antique Weapon Emporium.
  7485 | D:6      | Reached * piety under Okawaru
  8161 | D:6      | Reached skill level 5 in Polearms
  8861 | D:5      | Killed Grinder
  8861 | D:5      | Reached skill level 10 in Fighting
  8964 | D:5      | Reached XP level 9. HP: 83/85 MP: 9/9
  9084 | D:5      | Killed Menkaure
  9412 | D:5      | Noticed Crazy Yiuf
  9454 | D:5      | Killed Crazy Yiuf
  9982 | D:7      | Noticed Joseph
 10009 | D:7      | Killed Joseph
 10009 | D:7      | Reached ** piety under Okawaru
 10583 | D:7      | Killed Pikel
 11137 | D:8      | Reached skill level 11 in Fighting
 11219 | D:8      | Noticed a two-headed ogre
 11506 | D:8      | Found a staircase to the Lair.
 12349 | D:8      | Reached *** piety under Okawaru
 12349 | D:8      | Reached XP level 10. HP: 69/94 MP: 10/10
 14032 | D:9      | Noticed a red ugly thing
 15649 | D:9      | Reached **** piety under Okawaru
 16045 | D:9      | Reached skill level 10 in Polearms
 16097 | D:10     | Entered Level 10 of the Dungeon
 16195 | D:10     | Noticed a centaur warrior
 16217 | D:10     | Killed a centaur warrior
 16595 | D:10     | Reached skill level 12 in Fighting
 16936 | D:10     | Reached ***** piety under Okawaru
 16957 | D:10     | Reached XP level 11. HP: 104/104 MP: 11/11
 17383 | D:11     | Found a labyrinth entrance.
 17694 | Lab      | Entered a labyrinth
 20030 | Lab      | Noticed a minotaur
 20042 | Lab      | Killed a minotaur
 20407 | D:11     | Noticed a cyan ugly thing
 20467 | D:11     | Killed a cyan ugly thing
 20693 | D:11     | Paralysed by a hornet for 3 turns
 21090 | D:11     | Found a staircase to the Orcish Mines.
 21174 | D:11     | Reached ****** piety under Okawaru
 22388 | D:11     | Reached skill level 13 in Fighting
 22399 | D:11     | Received a gift from Okawaru
 22521 | D:11     | Found Bera's Assorted Antiques.
 22528 | D:11     | Bought a sedimented brown potion for 24 gold pieces
 22528 | D:11     | Bought a scroll labeled REGGAE HUMINUB for 27 gold pieces
 22528 | D:11     | Bought a scroll labeled QEBBAI XOUC for 27 gold pieces
 22528 | D:11     | Bought a sapphire ring for 135 gold pieces
 22528 | D:11     | Bought a scroll labeled FUYTSISULU for 27 gold pieces
 22669 | D:11     | Noticed a green ugly thing
 22684 | D:11     | Killed a green ugly thing
 22684 | D:11     | Reached skill level 10 in Bows
 22825 | Lair:1   | Entered Level 1 of the Lair of Beasts
 23115 | Lair:1   | Reached XP level 12. HP: 97/115 MP: 12/12
 23274 | Lair:1   | Noticed a seven-headed hydra
 23321 | Lair:1   | Killed a seven-headed hydra
 26627 | Lair:3   | Found a staircase to the Shoals.
 27985 | Lair:4   | Received a gift from Okawaru
 27985 | Lair:4   | Reached skill level 14 in Fighting
 28617 | Lair:4   | Found a hole to the Spider Nest.
 28690 | Lair:4   | Received a gift from Okawaru
 28958 | Lair:4   | Noticed a seven-headed hydra
 29077 | Lair:3   | Killed a seven-headed hydra
 29546 | Lair:4   | Reached XP level 13. HP: 64/124 MP: 13/13
 29971 | Lair:3   | HP: 4/124 [killer bee (5)]
 31756 | Lair:5   | Found a staircase to the Slime Pits.
 32191 | Lair:5   | Slain by a catoblepas

Skill      XL: |  1  2  3  4  5  6  7  8  9 10 11 12 13 |
---------------+----------------------------------------+-----
Fighting       | 3 4 5 6 7 9 10 11 12 13 14 | 14.7
Polearms       | 1 5 8 10 11 12 13 | 13.1
Bows           | 7 10 12 13 | 13.6
Dodging        | |  1.3
Stealth        | |  0.4

Action                   |  1- 3 |  4- 6 |  7- 9 | 10-12 | 13-15 || total
-------------------------+-------+-------+-------+-------+-------++-------
Melee: Short sword       |   132 |   239 |    85 |       |       ||   456
       Kick              |    19 |    60 |   193 |   452 |   136 ||   860
       Spear             |       |       |   703 |   453 |       ||  1156
       Whip              |       |       |     2 |       |       ||     2
       Punch             |       |       |     2 |       |       ||     2
       Trident           |       |       |       |  1122 |   339 ||  1461
 Fire: Shortbow          |       |       |    49 |     5 |       ||    54
Invok: Heroism           |       |       |     4 |       |       ||     4
Evoke: Wand              |       |       |     7 |       |       ||     7
  Use: Scroll            |       |       |    16 |     9 |     1 ||    26
       Potion            |       |       |     1 |     4 |     8 ||    13
  Eat: Chunk             |     2 |     1 |     5 |    41 |     7 ||    56
       Ration            |       |     2 |     5 |     8 |       ||    15
Armor: Leather armour    |    43 |    14 |       |       |       ||    57
       Ring mail         |       |   147 |   379 |   619 |   246 ||  1391
Dodge: Dodged            |    68 |    69 |   190 |   295 |   113 ||   735
